 Dungeon Crawl Stone Soup version 0.27-a0-334-g52645efa06 (webtiles) character file.

Game seed: 1439894028225009688

30 inc the Caller (level 3, 0/14 HPs)
             Began as a Felid Summoner on Feb 13, 2021.
             Succumbed to an adder's poison
             ... on level 2 of the Dungeon.
             The game lasted 00:01:18 (2077 turns).

inc the Caller (Felid Summoner)                     Turns: 2077, Time: 00:01:19

Health: 0/14       AC:  1    Str:  4    XL:     3   Next: 3%
Magic:  5/7        EV: 18    Int: 17    God:
Gold:   33         SH:  0    Dex: 16    Spells: 5/6 levels left
                                        Lives:  0   Deaths: 0

rFire    . . .     SeeInvis +   (weapon unavailable)
rCold    . . .     Faith    .   (shield unavailable)
rNeg     . . .     Spirit   .   (armour unavailable)
rPois    .         Reflect  .   (helmet unavailable)
rElec    .         Harm     .   (cloak unavailable)
rCorr    .         Rampage  .   (gloves unavailable)
Will     .....                  (boots unavailable)
Stlth    +++.......             (no amulet)
HPRegen  0.04/turn              (no ring)
MPRegen  0.10/turn              (no ring)

@: lethally poisoned (0 -> -2), quick
A: very small, no armour, no weapons or thrown items, stealth, claws 1, fangs 3,
see invisible, speed 1, shaggy fur 1, sharp paws
a: no special abilities


You were on level 2 of the Dungeon.
You visited 1 branch of the dungeon, and saw 2 of its levels.

You collected 33 gold pieces.

Inventory:

Jewellery
 b - a ring of poison resistance {unknown}
Scrolls
 a - a scroll of identify {unknown}
 c - a scroll of magic mapping {unknown}
 d - a scroll of noise {unknown}


   Skills:
 - Level 2.6 Dodging
 - Level 2.6 Stealth
 - Level 2.0 Spellcasting
 + Level 5.0 Summonings


You had 5 spell levels left.
You knew the following spells:

 Your Spells              Type           Power        Failure   Level
a - Summon Small Mammal   Summ           72%          2%          1

Your spell library contained the following spells:

 Spells                   Type           Power        Failure   Level
 Call Imp                 Summ           18%          3%          2
 Call Canine Familiar     Summ           18%          8%          3
 Summon Guardian Golem    Hex/Summ       10%          21%         3
 Summon Ice Beast         Ice/Summ       10%          56%         4
 Summon Lightning Spire   Summ/Air       10%          56%         4


Dungeon Overview and Level Annotations

Branches:
Dungeon (2/15)

Altars:


Innate Abilities, Weirdness & Mutations

You cannot wear armour.
You are incapable of wielding weapons or throwing items.
Your paws allow you to move quietly. (Stealth)
You have sharp claws.
You have razor-sharp teeth.
You have supernaturally acute eyesight. (SInv)
You cover ground quickly.
You are covered in fur. (AC +1)
Your sharp claws are effective at attacking unaware monsters.


Message History

Your quokka barely misses the adder.
The adder misses your quokka.
* * * LOW HITPOINT WARNING * * *
You feel sick.
Your quokka barely misses the adder.
The adder closely misses your quokka.
Your quokka barely misses the adder.
The adder barely misses your quokka.
Your quokka misses the adder.
Casting: Summon Small Mammal (safe; 2% risk of failure)
Confirm with . or Enter, or press ? or * to list all spells.
The adder bites your quokka.
Your quokka misses the adder. The adder misses your quokka.
* * * LOW HITPOINT WARNING * * *
You feel sick. The adder bites your quokka.
Your quokka dies!
Your quokka's corpse disappears in a puff of smoke!
Your bat hits the adder. The adder barely misses your bat.
Your bat hits the adder. The adder bites your bat.
Your bat dies!
Your bat's corpse disappears in a puff of smoke!
You aren't carrying any potions.
Unknown command.
* * * LOW HITPOINT WARNING * * *
You feel sick. The adder misses your quokka.
Your quokka bites the adder.
The adder barely misses your quokka.
Your quokka bites the adder.
The adder misses your quokka.
Your quokka barely misses the adder.
The adder bites your quokka but does no damage.
Your quokka misses the adder. The adder misses your quokka.
* * * LOW HITPOINT WARNING * * *
You feel sick.
Your quokka misses the adder. The adder barely misses your quokka.
The adder bites your quokka.
Your quokka barely misses the adder.
Your quokka bites the adder.
The adder dies!
Your Summonings skill increases to level 5!
You have reached level 3!
Your experience leads to an increase in your attributes!
Increase (S)trength, (I)ntelligence, or (D)exterity?
You feel clever.
Unknown command.
You die...

#.....# # #......##
#...# #.#.#......
#(..# #.#......##
#...# #..........
#...# ###b####.##
#...# #S#......
#####...########...#
..............##.#.#
...........@...r.#.#
..........)....####
# ####.#...#†#####
#.#...#.####
#.#....<...#
#...#.##.#
#.#...#.##.#
#.......##.#
####.##.##.#


You could see a friendly quokka (summoned).

Vanquished Creatures
  A leopard gecko (D:1)
  A bat (D:1)
  3 giant cockroaches
  3 hobgoblins (D:1)
  A frilled lizard (D:1)
  A kobold (D:1)
  3 rats
13 creatures vanquished.

Vanquished Creatures (collateral kills)
  2 adders (D:2)
  A dart slug (D:1)
  4 goblins
  A hobgoblin (D:1)
8 creatures vanquished.

Grand Total: 21 creatures vanquished

Notes
Turn   | Place    | Note
-------+----------+-------------------------------------------
     0 | D:1      | inc the Felid Summoner began the quest for the Orb.
     0 | D:1      | Reached XP level 1. HP: 7/7 MP: 4/4
   703 | D:1      | Reached XP level 2. HP: 11/11 MP: 3/6
  2077 | D:2      | Reached skill level 5 in Summonings
  2077 | D:2      | Reached XP level 3. HP: 1/14 MP: 5/7
  2077 | D:2      | Succumbed to an adder's poison

Illustrated notes

Levels and vault maps discovered:
D:1:      psy_arrival_spokes, layout_basic
D:2:      layout_loops_cross, gammafunk_temple_overflow_elements,
          kennysheep_big_empty_room, serial_bayou_ford_a

Skill      XL: |  1  2 |
---------------+-------+-----
Summonings     | 5 |  5.0
Dodging        | |  2.6
Stealth        | |  2.6
Spellcasting   | |  2.0

Action                   || total
-------------------------++-------
Melee: Unarmed           ||    74
       Bite              ||     8
 Cast: Summon Small Mamm ||    16
 Stab: Sleeping          ||     3
Armor: Skin              ||     2
Dodge: Dodged            ||    60

Table legend: (Time is in decaauts)
 A = Elapsed time spent in this place.
 B = Non-inter-level travel time spent in this place.
 C = Inter-level travel time spent in this place.
 D = Time resting spent in this place.
 E = Time spent auto-exploring this place.
 F = Levels seen in this place.
 G = Mean time per level.
                   A        B        C        D        E       F      G
               +--------+--------+--------+--------+--------+-----+--------+
         Total |   1897 |   1888 |      9 |    361 |   1277 |   2 |  948.5 |
       Dungeon |   1897 |   1888 |      9 |    361 |   1277 |   2 |  948.5 |
               +--------+--------+--------+--------+--------+-----+--------+

Top non-repeatable levels by time:
     D:1: 1342 daAuts
     D:2: 554 daAuts
